Cogmind - Beta 16 @@@ ROGUE MODE // 2025.11.14 @ 17:41:07 Player: ClassActJerk Result: Destroyed by G-47 Trooper with Particle Gun Performance ------------- Evolutions (2) 1000 Regions Visited (3) 600 Robots Destroyed (49) 245 Value Destroyed (1249) 1249 Prototype IDs (0) 0 Alien Tech Used (0) 0 Bonus (0) 0 TOTAL SCORE: 3094 Bonus ------- None Cogmind --------- Core Integrity 0/550 Matter 300/300 Energy 350/350 System Corruption 0% Temperature Cool (9) Movement Core (250) Ox4 Location -8/Materials Parts ------- > --- POWER (1) -------- (None) > --- PROPULSION (4) --- (None) > --- UTILITY (3) ------ Medium Storage Unit High-capacity Battery > --- WEAPON (3) ------- (None) > --- INVENTORY (10) --- Ion Engine Improved Treads Peak State ------------ > --- POWER ------------ Light Ion Engine > --- PROPULSION ------- Light Treads Light Treads > --- UTILITY ---------- Small Storage Unit Improved Terrain Scanner Light Armor Plating > --- WEAPON ----------- Heavy Assault Rifle Heavy Assault Rifle Improved Light Cannon > --- INVENTORY -------- Ion Engine Ion Engine Improved Treads Aluminum Leg Aluminum Leg Aluminum Leg Aluminum Leg Mining Laser [Rating: 14] Favorites ----------- Power Light Ion Engine Engine Light Ion Engine Propulsion Aluminum Leg Treads Light Treads Leg Aluminum Leg Utility Small Storage Unit Device Improved Terrain Scanner Storage Small Storage Unit Protection Light Armor Plating Weapon Heavy Assault Rifle Energy Gun Medium Laser Energy Cannon Ion Cannon Ballistic Gun Heavy Assault Rifle Ballistic Cannon Improved Light Cannon Special Weapon Mining Laser Build | -11 -10 -9 -8 ------- Run | Yrd Mat Mat Mat Slots Evolved 4 | . . 2 2 Power . | . . . . Propulsion 2 | . . . 2 Utility 1 | . . 1 . Weapon 1 | . . 1 . Parts Attached 33 | 7 3 16 7 Power 5 | 1 2 2 . Engine 5 | 1 2 2 . Core . | . . . . Reactor . | . . . . Propulsion 10 | 2 . 5 3 Treads 3 | 2 . 1 . Leg 7 | . . 4 3 Wheel . | . . . . Hover . | . . . . Flight . | . . . . Utility 5 | 2 . 2 1 Device 1 | 1 . . . Storage 3 | 1 . 1 1 Processor . | . . . . Hackware . | . . . . Protection 1 | . . 1 . Artifact . | . . . . Weapon 13 | 2 1 7 3 Energy Gun 4 | 2 . 2 . Energy Cannon 1 | . . . 1 Ballistic Gun 6 | . 1 4 1 Ballistic Cannon 1 | . . 1 . Launcher . | . . . . Special Weapon 1 | . . . 1 Impact Weapon . | . . . . Slashing Weapon . | . . . . Piercing Weapon . | . . . . Special Melee Weapon . | . . . . Unidentified Prototypes . | . . . . Parts Lost 19 | . . 6 13 Power 2 | . . 1 1 Propulsion 7 | . . 1 6 Utility 2 | . . 2 . Weapon 8 | . . 2 6 Highest Loss Streak 7 | . . 4 7 To Critical Strikes . | . . . . Average Backups 5 | 2 5 7 3 Power 1 | . 1 1 1 Propulsion 2 | . 1 4 2 Utility . | . . . . Weapon 1 | . 2 1 . Tool/Special . | . . . . Unused Backups 4 | . . 2 2 Power 2 | . . 1 1 Propulsion 2 | . . 1 1 Utility . | . . . . Weapon . | . . . . Tool/Special . | . . . . Average Slot Usage (%) 87 | . 100 84 75 Engine 11 | . 14 10 8 Treads 12 | . 28 10 . Leg 12 | . . 11 27 Device 6 | . 14 4 . Storage 14 | . 14 12 18 Protection 1 | . . 2 . Energy Gun 13 | . 26 10 5 Ballistic Gun 11 | . 1 17 11 Ballistic Cannon 2 | . . 5 . Peak Build Rating 14 | 9 9 14 14 Average Rating 10 | 4 9 10 11 On Entrance 7 | . 9 9 12 Avg Prop Armor Cover (%) 9 | . . 9 . Naked Turns . | . . . . Heaviest Build 30 | 12 13 25 30 Greatest Support 40 | 40 40 40 40 Greatest Overweight (x) 4 | . . 1 4 Average Overweight (x) . | . . . . Largest Inventory Capacity 10 | 8 8 8 10 Average Capacity 8 | 7 8 8 8 Most Carried 8 | 5 8 8 6 Average Carried 5 | 2 5 7 3 Final Capacity 10 | 8 8 8 10 Final Carried 8 | 3 8 7 2 Class Distribution -------------------- 33% | Mutant 32% | Scavenger-Gunner 10% | Gunner 8% | Skirmisher 7% | Scavenger-Tank 4% | Scavenger-Mutant 3% | Tank Dominant Class ---------------- Mutant | -10/Materials Scavenger-Gunner | -9/Materials Scavenger-Gunner | -8/Materials Resources | -11 -10 -9 -8 ----------- Run | Yrd Mat Mat Mat Matter Collected 1031 | 270 10 531 220 Remotely . | . . . . Salvage Created 1542 | 84 451 699 308 Parts 96 | 3 26 41 26 Haulers Intercepted 1 | . . . 1 Recyclers Shooed 1 | . 1 . . Parts Field Recycled . | . . . . Retrieved Matter . | . . . . Parts Self-Destructed . | . . . . Prevented . | . . . . Parts Restored . | . . . . Kills | -11 -10 -9 -8 ------- Run | Yrd Mat Mat Mat Combat Hostiles Destroyed 40 | . 11 18 11 Guns 32 | . 11 12 9 Cannons 8 | . . 6 2 Classes Destroyed 8 | 2 3 2 1 Builder 3 | . . 1 2 Tunneler 1 | 1 . . . Hauler 1 | . . . 1 Recycler 2 | 1 1 . . Watcher 2 | . 1 1 . Swarmer 12 | . 4 . 8 Grunt 24 | . 7 15 2 Sentry 4 | . . 3 1 Best Kill Streak 10 | 2 5 10 5 Combat Bots Only 8 | . 5 8 4 Max Kills in Single Turn 2 | 1 1 1 2 Gunslinging . | . . . . Exploded . | . . . . Melee . | . . . . Uniques/NPCs Destroyed . | . . . . Combat | -11 -10 -9 -8 -------- Run | Yrd Mat Mat Mat Hostile Shots Fired 252 | . 41 97 114 Missed 53 | . 10 19 24 Hits 199 | . 31 78 90 Melee 10 | . . . 10 Projectile 189 | . 31 78 80 Critical Strikes 5 | . . 3 2 Damage Taken 3063 | . 315 1005 1743 Core 713 | . 67 96 550 Absorbed by Shields . | . . . . Core Remaining (%) 83 | 100 73 76 . Volleys Fired 132 | 6 34 48 44 Largest 3 | 2 2 3 3 Hottest 110 | 90 90 110 102 Shots Fired 312 | 12 65 139 96 Gun 253 | 12 65 100 76 Cannon 46 | . . 39 7 Launcher . | . . . . Special 13 | . . . 13 Kinetic 172 | . . 120 52 Thermal 140 | 12 65 19 44 Explosive . | . . . . Electromagnetic . | . . . . Robot Hit Streak 16 | 3 16 15 7 Robot Miss Streak 4 | 2 3 2 4 Penetration Max . | . . . . Secondary Targets 2 | . . . 2 Max Gunslinging Chain 1 | . . . 1 Shots Hit Robots 187 | 6 46 88 47 Core Hits 71 | 3 21 29 18 Critical Kills . | . . . . Critical Parts Destroyed 1 | . . 1 . Critical Strikes 10 | 1 4 4 1 Burn 7 | 1 4 1 1 Destroy 1 | . . 1 . Blast 2 | . . 2 . Melee Attacks . | . . . . Impact . | . . . . Slashing . | . . . . Piercing . | . . . . Sneak Attacks . | . . . . Combat Hostiles . | . . . . Follow-up Attacks . | . . . . Damage Inflicted 2780 | 80 535 1394 771 Guns 2055 | 80 535 903 537 Cannons 629 | . . 491 138 Explosions . | . . . . Melee . | . . . . Ramming . | . . . . Kinetic 1608 | . . 1232 376 Thermal 1172 | 80 535 162 395 Explosive . | . . . . Electromagnetic . | . . . . Impact . | . . . . Slashing . | . . . . Piercing . | . . . . Highest Corruption . | . . . . Average Corruption . | . . . . Corruption Purged . | . . . . Corruption Blocked . | . . . . Overload Shots . | . . . . Overflow Damage 23 | . . 19 4 Projectiles 23 | . . 19 4 Explosions . | . . . . Melee . | . . . . Knockbacks 4 | . . 4 . Impact . | . . . . Kinetic 4 | . . 4 . Secondary . | . . . . Self-Inflicted Damage . | . . . . Shots . | . . . . Rammed . | . . . . Targets Rammed . | . . . . Kicked . | . . . . Crushed . | . . . . Highest Temperature 402 | 60 402 262 265 Average Temperature 101 | 27 155 96 65 Received Heat Transfer 1167 | . 144 537 486 Effects 2 | . 2 . . Interference 2 | . 2 . . Siege Activations . | . . . . Martial Activations . | . . . . Shielding Activations . | . . . . Robots Disrupted . | . . . . Combat Hostiles . | . . . . Robots Corrupted . | . . . . Combat Hostiles . | . . . . Parts Fried . | . . . . Impact Corruptions . | . . . . Robots Melted . | . . . . Combat Hostiles . | . . . . Parts Melted 4 | . 3 1 . Heat Transferred 3406 | 273 1722 508 903 Parts Sabotaged . | . . . . Parts Stolen . | . . . . Parts Stripped . | . . . . Power Chain Reactions . | . . . . Alert | -11 -10 -9 -8 ------- Run | Yrd Mat Mat Mat Maximum Alert Level 1 | . . 1 1 Low Security (%) 64 | 100 100 45 51 Level 1 35 | . . 54 48 Level 2 . | . . . . Level 3 . | . . . . Level 4 . | . . . . Level 5 . | . . . . High Security . | . . . . Max Security . | . . . . Peak Influence 311 | 5 112 311 294 Initial 107 | . . 34 107 Average 128 | . 43 159 193 Influence Increases 1277 | 10 300 614 353 Destroy 0b10 Robot/C 800 | . 220 360 220 Destroy 0b10 Robot/NC 45 | 10 10 10 15 Destroy Leader 166 | . 42 92 32 Successful Hack 25 | . 13 12 . Destroy Structure 16 | . . 5 11 Partial Spotted 15 | . 15 . . Lose Combat Pursuer 210 | . . 135 75 Influence Decreases 1193 | 10 218 442 523 Entered New Map 195 | . . 48 147 Time Decay 808 | 10 218 334 246 Lost Part 190 | . . 60 130 Squads Dispatched 10 | . 4 4 2 Investigation 5 | . 2 2 1 Extermination . | . . . . Reinforcement 5 | . 2 2 1 Assault . | . . . . Garrison . | . . . . Intercept . | . . . . Searches Triggered . | . . . . Construction Impeded . | . . . . Haulers Reinforced . | . . . . Active Scanning Responses . | . . . . Cargo Convoy Interrupts . | . . . . Stealth | -11 -10 -9 -8 --------- Run | Yrd Mat Mat Mat Distress Signals 11 | . 4 6 1 Communications Jammed . | . . . . Distress Signals . | . . . . Times Spotted 73 | . 18 32 23 Peak Tracking Total 8 | . 5 8 5 Tactical Retreats 9 | . . 5 4 Traps | -11 -10 -9 -8 ------- Run | Yrd Mat Mat Mat Traps Triggered 3 | . 1 1 1 Indirectly . | . . . . Trap Hack Attempts . | . . . . Triggered . | . . . . Disarmed . | . . . . Reprogrammed . | . . . . Reused . | . . . . Traps Extracted . | . . . . Installed . | . . . . Triggered . | . . . . Machines | -11 -10 -9 -8 ---------- Run | Yrd Mat Mat Mat Machines Disabled . | . . . . Max in Single Turn . | . . . . Machines Repaired . | . . . . Machines Dismantled . | . . . . Machines Sabotaged . | . . . . Overloaded Fab Kills . | . . . . Hacking | -11 -10 -9 -8 --------- Run | Yrd Mat Mat Mat Machines Accessed 5 | . 3 2 . Terminals 5 | . 3 2 . Fabricators . | . . . . Repair Stations . | . . . . Recycling Units . | . . . . Scanalyzers . | . . . . Garrison Access . | . . . . Total Hacks 13 | . 6 7 . Successful 5 | . 2 3 . Failed 8 | . 4 4 . Catastrophic 5 | . 3 2 . Database Lockouts . | . . . . Manual 13 | . 6 7 . Terminals 13 | . 6 7 . Fabricators . | . . . . Repair Stations . | . . . . Recycling Units . | . . . . Scanalyzers . | . . . . Garrison Access . | . . . . Terminal Hacks 2 | . 1 1 . Robot Schematic 1 | . . 1 . Branch Access Points 1 | . 1 . . Fabricator Hacks . | . . . . Repair Station Hacks . | . . . . Recycling Unit Hacks . | . . . . Scanalyzer . | . . . . Garrison Access Hacks . | . . . . Unauthorized Hacks 3 | . 1 2 . Terminals 3 | . 1 2 . Botnet 3 | . 1 2 . Fabricators . | . . . . Repair Stations . | . . . . Recycling Units . | . . . . Scanalyzers . | . . . . Garrison Access . | . . . . Data Cores Recovered . | . . . . Used . | . . . . Hacking Detections 5 | . 3 2 . Full Trace Events 4 | . 2 2 . Feedback Events . | . . . . Feedback Blocked . | . . . . Robot Schematics Acquired 1 | . . 1 . Robots Built . | . . . . Authchips . | . . . . Time . | . . . . Total Robot Build Rating . | . . . . Part Schematics Acquired . | . . . . Parts Built . | . . . . Authchips . | . . . . Time . | . . . . Total Part Build Rating . | . . . . Part Studies Acquired . | . . . . Parts Repaired . | . . . . Time . | . . . . Parts Recycled . | . . . . Recycled Matter . | . . . . Retrieved Matter . | . . . . Retrieved Components . | . . . . Parts Scanalyzed . | . . . . Part Schematics Acquired . | . . . . Parts Damaged . | . . . . Bothacking | -11 -10 -9 -8 ------------ Run | Yrd Mat Mat Mat Used RIF Installer . | . . . . Robots Hacked . | . . . . Non-combat . | . . . . Combat . | . . . . Robot Hacks Applied . | . . . . Relay Couplers Released . | . . . . Fabnet Peak Effective % . | . . . . Robots Rewired . | . . . . Allies Hacked . | . . . . Hacks Repelled . | . . . . Allies | -11 -10 -9 -8 -------- Run | Yrd Mat Mat Mat Total Allies . | . . . . Largest Group . | . . . . Highest-Rated Group . | . . . . Highest-Rated Ally . | . . . . Total Orders . | . . . . Ally Attacks . | . . . . Total Damage . | . . . . Kills . | . . . . Allies Corrupted . | . . . . Allies Melted . | . . . . Intel | -11 -10 -9 -8 ------- Run | Yrd Mat Mat Mat Active Infowar (turns) 1005 | 8 576 421 . Terrain 1005 | 8 576 421 . Robot Analysis Total . | . . . . Derelict Logs Recovered . | . . . . Drone Launches . | . . . . Drone Recoveries . | . . . . Exploration | -11 -10 -9 -8 ------------- Run | Yrd Mat Mat Mat Turns Passed 2228 | 104 605 999 520 Spaces Moved 838 | 63 190 392 193 Core 41 | 27 . . 14 Treads 393 | 36 190 167 . Legs 404 | . . 225 179 Wheels . | . . . . Hover . | . . . . Flight . | . . . . Fastest Speed 50 | 50 160 120 120 Average Speed 155 | 112 160 161 154 Slowest Speed 250 | 160 160 190 250 Overloaded Moves . | . . . . Propulsion Burnouts . | . . . . Robots Hopped . | . . . . Potential Cave-ins . | . . . . Cave-ins Triggered . | . . . . Exploration Rate (%) 23 | 4 39 34 15 Regions Visited 3 Branch Regions . Pre-discovered Areas . | . . . . Known Exits Taken . | . . . . Unknown Exits Taken 3 | 1 1 1 . Scrap Searched . | . . . . Spaces Dug 6 | . . . 6 Terrain Destroyed 11 | . . 2 9 Melee . | . . . . Projectile 11 | . . 2 9 AOE . | . . . . Terrain Rammed . | . . . . Walls Destroyed . | . . . . Machines Disabled . | . . . . Actions | -11 -10 -9 -8 --------- Run | Yrd Mat Mat Mat Total 1478 | 84 427 655 312 Wait 433 | . 192 180 61 Move 835 | 62 189 391 193 Hop . | . . . . Pick Up 27 | 9 6 9 3 Fast Attach 6 | 1 1 4 . Attach 20 | 6 . 7 7 Detach . | . . . . Swap 11 | . 2 6 3 Drop 14 | . 3 10 1 Fire 132 | 6 34 48 44 Melee . | . . . . Ram . | . . . . Kick . | . . . . Crush . | . . . . Escape Stasis . | . . . . Rewire . | . . . . Trap . | . . . . Miscellaneous . | . . . . Route ------- -11/Scrapyard -10/Materials (discovered 3 exits: *Mat / *Min x2) -9/Materials -8/Materials (discovered 1 exit: [*Sto]) History --------- Turn | Location | Event 3 | -11/Scrapyard | Discovered new exit (range 15) 105 | -11/Scrapyard | Entered Materials 308 | -10/Materials | Build established: Mutant 396 | -10/Materials | Discovered new exit (range 12) 399 | -10/Materials | Identified exit to Mines 644 | -10/Materials | Discovered new exit (range 15) 710 | -10/Materials | Entered another Materials area 710 | -9/Materials | Evolved 2 slots: Utility x1, Weapon x1 1182 | -9/Materials | Lost 4 parts (1p1n2u) 1203 | -9/Materials | Destroyed 8 combat bots 1584 | -9/Materials | Discovered new exit (range 16) 1683 | -9/Materials | Build established: Scavenger-Gunner 1709 | -9/Materials | Entered another Materials area 1709 | -8/Materials | Evolved 2 slots: Propulsion x2 2057 | -8/Materials | Lost 7 parts (4n3w) 2159 | -8/Materials | Discovered new exit (range 14) 2203 | -8/Materials | Core integrity fell below 50% 2218 | -8/Materials | Core integrity fell below 20% 2226 | -8/Materials | Lost 5 parts (1p2n2w) 2229 | -8/Materials | Destroyed by G-47 Trooper with Particle Gun Last Messages --------------- 02060_ K-01 Serf collects debris. 02064_ U-05 Engineer builds a Door. 02065_ K-01 Serf collects debris. 02075_ Acquired 15 matter. 02086_ Acquired Ion Cannon. 02089_ Acquired Lgt. Assault Rifle. 02105_ Triggered Alarm Trap. 02105_ An alarm sounds. 02105_ ALERT: Alarm triggered, dispatching investigation squad. 02159_ EXIT=FOUND 02159_ Mining Laser destroyed. 02190_ Aluminum Leg destroyed. 02190_ Lgt. Assault Rifle destroyed. 02191_ Imp. Ion Engine destroyed. 02194_ Y-45 Defender destroyed. 02195_ Acquired 5 matter. 02195_ Aluminum Leg destroyed. 02195_ Ion Cannon destroyed. 02196_ Critical hit (Burn: +37). Map ----- +----------------------------------------------------+ | ???????????????????????????????????? | | ???????????????????????????????????? | | ???????????????????????????????????? | | ???????????????????????????????????? | | ???????????????????????????????????? | | ???????????????????????????????????? | | ???????????????????????????????????? | | ???????????????????????????????????? | | ???????????????????????????????????? | | ???????????????????????????????????? | | ???????????????????????###?????????? | | ??????????????????????? ????????? | | ??????????????????????? ????????? | | ??????????????????????? < ????????? | | ##############????????? ????????? | | #?????????# #????????? | | +?????????# ########## | | #?????????# #! # | | #########+##+#?????????# # # | | ???# #?????????# # """ # | | ???# #?????????# # ! """ # | | ???# #?????????# +% """ # | | ???# """ """ #?????????# #! # | | ???# """ """ #?????????# # # | | ???# """ """ #????###### g###;###### | | ???# ###### @ l #???? | | ???# + g #???? | | ???################# ### #???? | | ???????????????????# #?# #???? | | ???????????????????# #?# #???? | | ?????????????????? r #?####???? | | ???????????????? #????????? | | ??????????????# #####+##????????? | | ??????????????#####????????????????? | | ???????????????????????????????????? | | ???????????????????????????????????? | | ???????????????????????????????????? | | ???????????????????????????????????? | | ???????????????????????????????????? | | | | | | | | | | | | | | | | | | | | | | | +----------------------------------------------------+ Best States ------------- Heat Dissipation 31 Energy Generation 12 Energy Capacity 515 Matter Stores 300 Matter Capacity 300 Sight Range 16 Terrain Scan Range 16 Terrain Scan Density 10 Armor Coverage 150 Evasion (%) 55 Recoil Reduction 2 Item Schematics ----------------- None Robot Schematics ------------------ Y-45 Defender | -9/Materials | Hacked Fabricated ------------ Nothing Repaired ---------- Nothing Studied --------- None Alien Tech Used ----------------- None Achievements -------------- None Challenges ------------ None Game ------ Seed ScrapPersonalCapacitor Manual? 0 Play Time 00:19:41 Cumulative 26.5 hours Start 2025.11.14 @ 17:21:29 End 2025.11.14 @ 17:41:07 Sessions 1 Manual Loads 0 Difficulty Rogue Special Mode None Game No. 81 Rogue 81 Adventurer 0 Explorer 0 Win Type - Total 0 Types 0/0/0/0/0/0/0/0/0/0 Lore% 7 Gallery% 21 Achievement% 17 Wizard Run 0 Options --------- Layout 1 ASCII 0 Keyboard 0 Movement Mouse Keybinds 0 Fullscreen 1 Font 24/Terminus Map View 50x35 Zoom Use 0% Tactical HUD 1 Map Filters NONE Filters NONE Steam 1 RUN: 6a05a75e-6bf2-4635-8a95-a5b1df4578de